 Dungeon Crawl Stone Soup version 0.22-a0-305-gd21a89c (webtiles) character file.

31 vishdafish the Skirmisher (level 3, 21/29 HPs)
             Began as a Demonspawn Fighter on Mar 30, 2018.
             Quit the game on level 1 of the Dungeon.
             The game lasted 00:00:43 (629 turns).

vishdafish the Skirmisher (Demonspawn Fighter)       Turns: 629, Time: 00:00:44

Health: 21/29      AC:  8    Str: 16    XL:     3   Next: 7%
Magic:  3/3        EV:  6    Int: 10    God:
Gold:   58         SH:  8    Dex: 12    Spells: 2/2 levels left

rFire    . . .     SeeInvis .   a - +0 long sword
rCold    . . .     Gourm    .   c - +0 shield
rNeg     . . .     Faith    .   b - +0 scale mail
rPois    .         Spirit   .   (no helmet)
rElec    .         Reflect  .   (no cloak)
rCorr    .         Harm     .   (no gloves)
MR       .....                  (no boots)
Stlth    ..........             (no amulet)
HPRegen  0.09/turn              (no ring)
MPRegen  0.08/turn              (no ring)

@: no status effects
A: iridescent scales 1, powered by pain 1
a: no special abilities


You were on level 1 of the Dungeon.
You were not hungry.

You visited 1 branch of the dungeon, and saw 1 of its levels.

You collected 58 gold pieces.

Inventory:

Hand Weapons
 a - a +0 long sword (weapon)
Armour
 b - a +0 scale mail (worn)
 c - a +0 shield (worn)
Scrolls
 g - a scroll of immolation {unknown}
 i - 2 scrolls of teleportation {unknown}
 j - a scroll of fog {unknown}
 l - a scroll of magic mapping {unknown}
 m - 2 scrolls of identify {unknown}
Potions
 d - a potion of might
 e - a potion of heal wounds {unknown}
 h - 2 potions of curing {unknown}
 k - a potion of agility {unknown}
Comestibles
 f - a ration


   Skills:
 + Level 3.2 Fighting
 * Level 2.4 Long Blades
 + Level 3.0 Armour
 + Level 3.0 Shields


You had 2 spell levels left.
You didn't know any spells.

Dungeon Overview and Level Annotations

Branches:
Dungeon (1/15)

Altars:


Innate Abilities, Weirdness & Mutations

You are partially covered in iridescent scales. (AC +2)
You sometimes gain a little power by taking damage.


Message History

Found 13 arrows.
A worm is nearby!
A worm is nearby!
There is an open door here.
You hit the worm.
The worm is moderately wounded.
You block the worm's attack.
You hit the worm.
The worm is severely wounded.
The worm bites you.
You slash the worm!
You kill the worm!
Your Armour skill increases to level 3!
Your Shields skill increases to level 3!
You have reached level 3!
Your experience leads to an increase in your attributes!
Increase (S)trength, (I)ntelligence, or (D)exterity?
You feel clever.
Your demonic ancestry asserts itself...
Iridescent scales grow over part of your body.
Are you sure you want to abandon this character and quit the game? (Confirm with "yes".)

#.......#...†................
#....####..................÷.
#..††.# #..........########..
#.....# #..........# #.......
#.....# #..........# #.......
#.....# #..........# #.......
#.....# ############ #......#
#.....# ###################.#
#.....# #(..@(....<.....'...#
#.....# #################.#+#
#.....# #########........
#.....##### #................
#.........# #...........#....
#.........# #...........#.#.#
#.........# #...........#.###
#.........# #..(........#....
#.........# #...........#####


There were no monsters in sight!

Vanquished Creatures
  A worm (D:1)
  2 dart slugs (D:1)
  3 giant cockroaches (D:1)
  2 goblins (D:1)
  5 hobgoblins (D:1)
  A kobold (D:1)
  5 bats (D:1)
  A frilled lizard (D:1)
  3 rats (D:1)
23 creatures vanquished.

Notes
Turn   | Place    | Note
-------+----------+-------------------------------------------
     0 | D:1      | vishdafish the Demonspawn Fighter began the quest for the Orb.
     0 | D:1      | Reached XP level 1. HP: 18/18 MP: 1/1
    70 | D:1      | Gained mutation: You sometimes gain a little power by taking damage. [demonic ancestry]
    70 | D:1      | Reached XP level 2. HP: 18/24 MP: 2/2
   628 | D:1      | Gained mutation: You are partially covered in iridescent scales. (AC +2) [demonic ancestry]
   628 | D:1      | Reached XP level 3. HP: 21/29 MP: 3/3
   629 | D:1      | Quit the game

Vault maps used:
D:1:      evilmike_arrival_run_for_it

Skill      XL: |  1  2 |
---------------+-------+-----
Long Blades    | 2 |  2.4
Armour         | 3 |  3.0
Shields        | 3 |  3.0
Fighting       | |  3.2

Action                   || total
-------------------------++-------
Melee: Long sword        ||    60
Armor: Scale mail        ||    34
Dodge: Dodged            ||    24
Block: Shield            ||    28
       Rpst.: Long sword ||     8

Table legend:
 A = Spawn XP
 B = Non-spawn XP
 C = Spawn XP percentage of total XP
 D = Spawn monster count
 E = Non-spawn monster count
 F = Spawn count percentage of total count
 G = Total turns spent on level
                    A         B        C        D         E        F      G
               +---------+---------+-------+---------+---------+-------+---------
         Total |       0 |      45 |   0.0 |       0 |      23 |   0.0 |   629
               +---------+---------+-------+---------+---------+-------+---------
           D:1 |       0 |      45 |   0.0 |       0 |      23 |   0.0 |   629
               +---------+---------+-------+---------+---------+-------+---------
